 Dungeon Crawl Stone Soup version 0.20.1-1-g8b1a95d (webtiles) character file.

221 homeworkjunkie the Chopper (level 5, -2/47 HPs)
             Began as a Hill Orc Fighter on Nov 7, 2017.
             Was an Initiate of Okawaru.
             Slain by a gnoll
             ... wielding a +0 halberd
              (6 damage)
             ... on level 3 of the Dungeon.
             The game lasted 00:03:51 (1780 turns).

homeworkjunkie the Chopper (Hill Orc Fighter)       Turns: 1780, Time: 00:03:52

Health: -2/47      AC:  9    Str: 20    XL:     5   Next: 98%
Magic:  5/5        EV:  5    Int:  8    God:    Okawaru [......]
Gold:   68         SH:  9    Dex: 10    Spells: 4/4 levels left

rFire    . . .     SeeInvis .   a - +1 war axe
rCold    . . .     Gourm    .   c - +0 shield
rNeg     . . .     Faith    .   h - +0 chain mail
rPois    .         Spirit   .   (no helmet)
rElec    .         Reflect  .   (no cloak)
rCorr    .         Harm     .   (no gloves)
MR       .....                  (no boots)
Stlth    ..........             (no amulet)
Regen    0.2/turn               (no ring)
MPRegen  0.1/turn               (no ring)

@: about to teleport
A: no striking features
a: Renounce Religion


You were on level 3 of the Dungeon.
You worshipped Okawaru.
Okawaru was noncommittal.
You were not hungry.

You visited 1 branch of the dungeon, and saw 4 of its levels.

You collected 68 gold pieces.

Inventory:

Hand Weapons
 a - a +1 war axe (weapon)
Armour
 c - a +0 shield (worn)
 h - a +0 chain mail (worn)
Scrolls
 b - 2 scrolls of fog {unknown}
Potions
 d - a potion of heal wounds {unknown}
 e - a potion of brilliance
Comestibles
 g - 3 fruits


   Skills:
 * Level 4.7 Fighting
 * Level 5.3 Axes
 * Level 4.1 Armour
 + Level 0.4 Dodging
 * Level 4.3 Shields


You had 4 spell levels left.
You didn't know any spells.

Dungeon Overview and Level Annotations

Branches:
Dungeon (4/15)
 Temple: D:4-7

Altars:
Elyvilon
Fedhas
Makhleb
Nemelex Xobeh
Okawaru
Vehumet


Message History

The gnoll is moderately wounded.
You block the gnoll's attack. The gnoll hits you with a halberd.
* * * LOW HITPOINT WARNING * * *
You closely miss the gnoll.
The gnoll is moderately wounded.
The gnoll barely misses you.
A gnoll comes into view. It is wielding a spear.
The gnoll shouts!
You hit the gnoll.
The gnoll is moderately wounded.
The gnoll moves out of view.
You block the gnoll's attack.
You hit the gnoll but do no damage.
The gnoll is moderately wounded.
The gnoll hits you with a halberd.
* * * LOW HITPOINT WARNING * * *
As you read the scroll of teleportation, it crumbles to dust.
You feel strangely unstable.
The gnoll shouts!
The gnoll hits you with a halberd.
You die...

≈≈#...#...............K.......
≈≈#####≈≈≈≈≈≈≈≈≈≈≈≈....≈≈≈≈≈≈≈
≈≈≈≈≈≈≈≈≈≈≈≈≈≈≈≈≈≈≈....≈≈≈≈≈≈≈
≈≈≈≈≈≈≈≈≈≈≈≈≈≈≈≈≈≈≈....≈≈≈≈≈≈≈
......!................"......
######....>..[................
####....#.....g..<.....#
#..........##)##....#..#
#.##)......@g)#.....#
#...........#.#.#.....
####).....#.#.....####.
........#.#####.# .#
##..###.### ..# # #... ..# #!#
#.#.##.### #...<#. ###.## #


You could see 2 gnolls.

Vanquished Creatures
  A scorpion (D:4)
  A worker ant (D:4)
  7 gnolls
  3 adders (D:2)
  An adder skeleton (D:4)
  3 leopard geckos
  An orc (D:3)
  3 giant cockroaches
  3 goblins
  4 hobgoblins
  13 jackals
  2 kobolds (D:2)
  A quokka (D:4)
  2 bats
  4 frilled lizards
  5 rats
54 creatures vanquished.

Notes
Turn   | Place    | Note
-------+----------+-------------------------------------------
     0 | D:1      | homeworkjunkie the Hill Orc Fighter began the quest for the Orb.
     0 | D:1      | Reached XP level 1. HP: 19/19 MP: 1/1
   150 | D:2      | Reached XP level 2. HP: 23/27 MP: 2/2
   643 | D:1      | Reached XP level 3. HP: 28/33 MP: 3/3
   686 | D:1      | Reached skill level 3 in Axes
   759 | D:2      | Reached XP level 4. HP: 28/41 MP: 4/4
  1169 | D:3      | Reached skill level 4 in Axes
  1179 | D:3      | Reached XP level 5. HP: 46/47 MP: 5/5
  1189 | D:4      | Found a radiant altar of Vehumet.
  1189 | D:4      | Found a white marble altar of Elyvilon.
  1189 | D:4      | Found a burning altar of Makhleb.
  1190 | D:4      | Found a sparkling altar of Nemelex Xobeh.
  1190 | D:4      | Found a blossoming altar of Fedhas.
  1190 | D:4      | Found an iron altar of Okawaru.
  1204 | D:4      | Reached skill level 5 in Axes
  1211 | D:4      | Became a worshipper of Warmaster Okawaru
  1780 | D:3      | Slain by a gnoll

Skill      XL: |  1  2  3  4  5 |
---------------+----------------+-----
Fighting       | 4 |  4.7
Axes           | 3 4 5 |  5.3
Shields        | 4 |  4.3
Armour         | 4 |  4.1
Dodging        | |  0.4

Action                   |  1- 3 |  4- 6 || total
-------------------------+-------+-------++-------
Melee: War axe           |    93 |   134 ||   227
  Use: Potion            |     2 |       ||     2
       Scroll            |     3 |     2 ||     5
  Eat: Bread ration      |       |     1 ||     1
Armor: Scale mail        |    33 |       ||    33
       Chain mail        |    30 |    78 ||   108
Dodge: Dodged            |    35 |    36 ||    71
Block: Shield            |    50 |    74 ||   124
